 Dungeon Crawl Stone Soup version 0.28.0-43-g3370ac3207 (webtiles) character file.

Game seed: 5755489785200332673

605987 4FPSwarrior the Unforgettable (level 26, -12/198 HPs)
             Began as a Demonspawn Hedge Wizard on Mar 5, 2022.
             Was the Champion of Hepliaklqana.
             Killed from afar by a Brimstone Fiend (37 damage)
             ... with damnation
             ... summoned by the player character
             ... on level 14 of a ziggurat on Mar 13, 2022.
             The game lasted 09:51:19 (104251 turns).

4FPSwarrior the Unforgettable (DsWz)              Turns: 104251, Time: 09:51:20

Health: -12/198    AC: 30    Str: 19    XL:     26   Next: 62%
Magic:  16/40      EV: 18    Int: 19    God:    Hepliaklqana [******]
Gold:   5670       SH:  6    Dex: 12    Spells: 4/52 levels left

rFire   . . .      SeeInvis .     - Unarmed
rCold   + + .      Faith    .   (no shield)
rNeg    + + .      Spirit   .   T - +10 pearl dragon scales
rPois   +          Reflect  .   N - +3 hat of the Griffon {rN+}
rElec   +          Harm     .   C - +0 cloak "Sahosego" {+Blink Will++}
rCorr   .          Rampage  .   (gloves unavailable)
Will    +++..                   (no boots)
Stlth   +.........              b - amulet of magic regeneration
HPRegen 8.43/turn               Y - ring of Moral Flaws {EV+4 Str+5}
MPRegen 0.67/turn               n - ring of Zeothraddeargh {rElec rPois rC++ Int-2 Dex-4}

@: mighty, lethally poisoned (-12 -> -12), slowed, studying Stealth, very slow
A: reduced essence, claws 3, large bone plates 2, demonic guardian 3, powered by
death 3, black mark, bedeviling, aura of silence
}: 3/15 runes: decaying, serpentine, silver
a: Renounce Religion, Evoke Blink, Recall Ancestor, Ancestor Identity,
Transference, Idealise


You were on level 14 of a ziggurat.
You worshipped Hepliaklqana.
Hepliaklqana was exalted by your worship.
You visited 11 branches of the dungeon, and saw 49 of its levels.
You visited 1 ziggurat, and saw 14 of its levels.
You also visited: Gauntlet, Ice Cave and Wizlab.

You collected 9672 gold pieces.
You spent 4002 gold pieces at shops.

Inventory:

Hand Weapons
 f - the +10 morningstar "Hoarohi" {venom, rElec rF+}
   (You took it off a vault warden on level 13 of the Dungeon)

   It poisons the flesh of those it strikes.
   rF:        It protects you from fire.
   rElec:     It insulates you from electricity.
 x - the +6 great sword "Jockepur" {flame, Fly rElec rPois Dex-5}
   (You found it on level 3 of the Lair of Beasts)

   It burns those it strikes, dealing additional fire damage.
   Big, fiery blades are also staple armaments of hydra-hunters.
   Dex:       It affects your dexterity (-5).
   rElec:     It insulates you from electricity.
   rPois:     It protects you from poison.
   Fly:       It grants you flight.
 W - the +7 demon whip of Foul Odours {flame, rElec rPois rC+}
   (You found it on level 12 of a ziggurat)

   It burns those it strikes, dealing additional fire damage.
   rC:        It protects you from cold.
   rElec:     It insulates you from electricity.
   rPois:     It protects you from poison.
 X - the +8 glaive of the Guard {elec, spectral, AC+5}
   (You found it on level 14 of the Dungeon)

   It occasionally discharges a powerful burst of electricity upon striking a
   foe.
   When it strikes, its spirit leaps out and fights alongside the wielder.
   AC:        It affects your AC (+5).
 Z - the +5 mace of Jaekhaci {elec, rPois}
   (You found it in a Gauntlet)

   It occasionally discharges a powerful burst of electricity upon striking a
   foe.
   rPois:     It protects you from poison.
Missiles
 h - 8 throwing nets (quivered)
Armour
 e - the +1 shadow dragon scales of the Valley {Rampage Drain rElec rPois Stlth++++}
   (You took it off a vampire knight on level 1 of the Crypt)

   rElec:     It insulates you from electricity.
   rPois:     It protects you from poison.
   Drain:     It drains your maximum health when unequipped.
   Rampage:   It bestows one free step when moving towards enemies.
   Stlth:     It makes you much more stealthy.
 t - the +7 Kryia's mail coat {PotionHeal*2 rC+}
   (You found it on level 3 of the Elven Halls)

   Potions are twice as effective at healing its wearer.
   rC:        It protects you from cold.
 z - a +1 pair of boots of stealth
 C - the +0 cloak "Sahosego" (worn) {+Blink Will++}
   (You found it on level 13 of the Dungeon)

   +Blink:    It lets you blink.
   Will:      It greatly increases your willpower.
 F - quicksilver dragon scales
 N - the +3 hat of the Griffon (worn) {rN+}
   (You found it on level 14 of the Dungeon)

   rN:        It protects you from negative energy.
 T - +10 pearl dragon scales (worn)
Jewellery
 b - an amulet of magic regeneration (around neck)
 d - the ring of Oxti Zonk {rPois rN+ SInv}
   (You found it on level 13 of a ziggurat)

   [ring of see invisible]

   rPois:     It protects you from poison.
   rN:        It protects you from negative energy.
   SInv:      It lets you see invisible.
 n - the ring of Zeothraddeargh (right claw) {rElec rPois rC++ Int-2 Dex-4}
   (You found it on level 11 of a ziggurat)

   [ring of poison resistance]

   Int:       It affects your intelligence (-2).
   Dex:       It affects your dexterity (-4).
   rC:        It greatly protects you from cold.
   rElec:     It insulates you from electricity.
   rPois:     It protects you from poison.
 y - a ring of protection from fire
 H - the amulet "Kiupneg" {Spirit rF- Regen+ Int+2 Stlth+}
   (You found it on level 8 of a ziggurat)

   [amulet of guardian spirit]

   It causes incoming damage to be divided between your reserves of health and
   magic.
   Int:       It affects your intelligence (+2).
   rF:        It makes you vulnerable to fire.
   Regen:     It increases your rate of health regeneration.
   Stlth:     It makes you more stealthy.
 J - the ring of the Sunfish {rN+ Dex+6}
   (You took it off a necromancer on level 14 of the Dungeon)

   [ring of dexterity]

   Dex:       It affects your dexterity (+6).
   rN:        It protects you from negative energy.
 R - a ring of protection from cold
 V - a ring of resist corrosion
 Y - the ring of Moral Flaws (left claw) {EV+4 Str+5}
   (You found it in a Gauntlet)

   [ring of evasion]

   EV:        It affects your evasion (+4).
   Str:       It affects your strength (+5).
Wands
 a - a wand of iceblast (62)
 D - a wand of flame (80)
 E - a wand of digging (4)
 O - a wand of acid (15)
Scrolls
 g - 4 scrolls of blinking
 l - 31 scrolls of teleportation
 p - a scroll of enchant armour
 q - 18 scrolls of fog
 s - 8 scrolls of immolation
 u - 14 scrolls of vulnerability
 w - 4 scrolls of magic mapping
 L - 11 scrolls of fear
 S - 11 scrolls of amnesia
Potions
 c - 11 potions of brilliance
 j - 2 potions of might
 k - 2 potions of invisibility
 m - 18 potions of mutation
 o - 7 potions of haste
 r - 5 potions of ambrosia
 v - 20 potions of curing
 A - 4 potions of magic
 B - 10 potions of cancellation
 I - 9 potions of heal wounds
 K - a potion of resistance
 M - 10 potions of flight
Miscellaneous
 i - a phantom mirror
 G - a condenser vane
 Q - a phial of floods


   Skills:
 * Level 20.6 Fighting
 + Level 12.1 Armour
 + Level 12.3 Dodging
 + Level 4.9 Stealth
 + Level 14.9 Unarmed Combat
 - Level 13.5 Spellcasting
 + Level 15.6 Conjurations
 + Level 10.9 Hexes
 - Level 1.0 Summonings
 + Level 16.6 Necromancy
 - Level 3.0 Translocations
 + Level 13.2 Transmutations
 + Level 12.5 Fire Magic
 - Level 4.0 Air Magic
 - Level 13.0 Poison Magic
 - Level 21.1 Invocations


You had 4 spell levels left.
You knew the following spells:

 Your Spells              Type           Power      Damage    Failure   Level
a - Magic Dart            Conj           100%       1d8       1%          1
b - Fireball              Conj/Fire      30%        3d13      1%          5
c - Mephitic Cloud        Conj/Pois/Air  53%        N/A       1%          3
d - Sublimation of Blood  Necr           66%        N/A       1%          2
e - Olgreb's Toxic Radia  Pois           58%        N/A       1%          4
f - Sticky Flame          Conj/Fire      60%        2d8       1%          4
g - Ignite Poison         Fire/Tmut/Pois 58%        N/A       1%          3
h - Blink                 Tloc           48%        N/A       6%          2
i - Iskenderun's Battles  Conj           64%        2d11      1%          5
j - Tukima's Dance        Hex            69%        N/A       1%          3
k - Eringya's Noxious Bo  Tmut/Pois      29%        N/A       10%         6
l - Fulminant Prism       Conj/Hex       38%        3d18      1%          4
m - Death Channel         Necr           33%        N/A       2%          6

Your spell library contained the following spells:

 Spells                   Type           Power      Damage    Failure   Level
 Animate Skeleton         Necr           100%       N/A       0%          1
 Pain                     Necr           100%       1d9       0%          1
 Foxfire                  Conj/Fire      100%       2x1d9     1%          1
 Shock                    Conj/Air       100%       1d9       1%          1
 Slow                     Hex            100%       N/A       1%          1
 Sting                    Tmut/Pois      100%       1d8       1%          1
 Corpse Rot               Necr/Air       100%       N/A       1%          2
 Passwall                 Tmut/Erth      31%        N/A       1%          2
 Poisonous Vapours        Pois/Air       90%        N/A       1%          2
 Searing Ray              Conj           100%       2d8       1%          2
 Wereblood                Tmut           58%        N/A       1%          2
 Confusing Touch          Hex            69%        N/A       1%          3
 Conjure Flame            Conj/Fire      60%        6-21      1%          3
 Dazzling Flash           Conj/Hex       100%       N/A       1%          3
 Inner Flame              Hex/Fire       72%        N/A       1%          3
 Spider Form              Tmut/Pois      58%        N/A       1%          3
 Stone Arrow              Conj/Erth      84%        3d12      1%          3
 Vampiric Draining        Necr           66%        2d10      1%          3
 Anguish                  Hex/Necr       39%        N/A       1%          4
 Animate Dead             Necr           33%        N/A       1%          4
 Cause Fear               Hex            34%        N/A       1%          4
 Flame Wave               Conj/Fire      60%        2d12      1%          4
 Ensorcelled Hibernation  Hex/Ice        100%       N/A       2%          2
 Portal Projectile        Hex/Tloc       100%       N/A       2%          3
 Summon Guardian Golem    Hex/Summ       52%        N/A       3%          3
 Iskenderun's Mystic Bla  Conj/Tloc      48%        2d11      3%          4
 Swiftness                Air            28%        N/A       9%          3
 Summon Small Mammal      Summ           64%        N/A       10%         1
 Ice Form                 Ice/Tmut       38%        N/A       10%         4
 Petrify                  Tmut/Erth      38%        N/A       10%         4
 Sandblast                Erth           24%        2d8       14%         1
 Call Imp                 Summ           16%        N/A       14%         2
 Leda's Liquefaction      Hex/Erth       25%        N/A       16%         4
 Call Canine Familiar     Summ           16%        N/A       28%         3
 Airstrike                Air            14%        N/A       28%         4
 Passage of Golubria      Tloc           24%        N/A       38%         4
 Ozocubu's Armour         Ice            12%        N/A       41%         3
 Animate Armour           Summ/Erth      28%        N/A       75%         4
 Summon Ice Beast         Ice/Summ       14%        N/A       75%         4
 Agony                    Necr           66%        N/A       1%          5
 Alistair's Intoxication  Tmut/Pois      38%        N/A       1%          5
 Blade Hands              Tmut           29%        N/A       1%          5
 Excruciating Wounds      Necr           33%        N/A       1%          5
 Irradiate                Conj/Tmut      30%        3d24      1%          5
 Yara's Violent Unravell  Hex/Tmut       36%        3d15      2%          5
 Lightning Bolt           Conj/Air       25%        1d41      7%          5
 Starburst                Conj/Fire      30%        6d9       7%          6
 Borgnjor's Vile Clutch   Necr/Erth      22%        N/A       13%         5
 Silence                  Hex/Air        29%        N/A       19%         5
 Orb of Destruction       Conj           32%        9d10      21%         7
 Freezing Cloud           Conj/Ice/Air   18%        6-21      26%         5
 Summon Mana Viper        Hex/Summ       52%        N/A       34%         5
 Conjure Ball Lightning   Conj/Air       25%        3x3d7     36%         6
 Metabolic Englaciation   Hex/Ice        25%        N/A       38%         5
 Dragon Form              Tmut           29%        N/A       47%         7
 Simulacrum               Ice/Necr       22%        N/A       58%         6
 Iron Shot                Conj/Erth      21%        9d5       65%         6
 Infestation              Necr           33%        N/A       71%         8
 Enfeeble                 Hex            34%        N/A       80%         7
 Statue Form              Tmut/Erth      25%        N/A       82%         6
 Summon Forest            Summ/Tloc      10%        N/A       87%         5
 Necromutation            Tmut/Necr      31%        N/A       90%         8
 Haunt                    Necr/Summ      23%        N/A       97%         7
 Storm Form               Tmut/Air       22%        N/A       98%         7
 Spellforged Servitor     Conj/Summ      22%        N/A       99%         7
 Ignition                 Fire           28%        3d9       99%         8
 Dispersal                Tloc           12%        N/A       100%        6
 Summon Hydra             Summ           8%         N/A       100%        7
 Disjunction              Tloc           12%        N/A       100%        8
 Lehudib's Crystal Spear  Conj/Erth      21%        10d6      100%        8
 Dragon's Call            Summ           8%         N/A       100%        9
 Fire Storm               Conj/Fire      30%        8d8       100%        9
 Shatter                  Erth           6%         3d9*      100%        9


Dungeon Overview and Level Annotations

Branches:
Dungeon (15/15)            Temple (1/1) D:7            Lair (6/6) D:11
  Swamp (4/4) Lair:2        Snake (4/4) Lair:3        Slime (0/5) Lair:5
    Orc (2/2) D:10            Elf (3/3) Orc:2        Vaults (5/5) D:13
  Crypt (3/3) Vaults:3       Tomb (0/3) Crypt:3      Depths (4/4) D:15
    Zot (2/5) Depths:4      IceCv (visited)          WizLab (visited)
Gauntlet (visited)

Altars:
Ashenzari
Cheibriados
Dithmenos
Elyvilon
Fedhas
Gozag
Hepliaklqana
Kikubaaqudgha
Makhleb
Nemelex Xobeh
Okawaru
Qazlal
Ru
Sif Muna
Trog
Uskayaw
Vehumet
Wu Jian
Xom
Yredelemnul
Zin
The Shining One
Beogh

Shops:
D:5 [   D:10 *   D:15 !   Orc:2 (?(**   Elf:1 ?(   Elf:3 ([*   Snake:1 (
Vaults:1 :*[   Vaults:4 (   Vaults:5 !?

Portals:
Hell: Depths:1 Depths:2 Depths:3 Depths:4
Abyss: Depths:2 Depths:3
Pandemonium: Depths:1 Depths:2

Annotations:
Elf:2 3 runed translucent doors
Crypt:3 2 runed translucent doors, Hali's ghost, veteran FoFi


Innate Abilities, Weirdness & Mutations

Your life essence is reduced to manifest your ancestor. (-10% HP)
You have claws for hands.
You are mostly covered in large bone plates. (SH +6)
A powerful demonic guardian rushes to your aid.
You regenerate a lot of health from kills.
Your melee attacks may debilitate your foes.
Your hexes are more powerful.
You are surrounded by an aura of silence.


Message History

The spectral tengu reaver closely misses you.
The spectral tengu reaver misses you.
You feel much better.
You feel very sick.
The spectral spriggan defender closely misses you.
Sanele hits the bone dragon with a +0 broad axe of speed!
Sanele hits the tainted leviathan with a +0 broad axe of speed.
Sanele hits the bone dragon with a +0 broad axe of speed!!
The deathcap draws from the surrounding life force!
* * * LOW HITPOINT WARNING * * *
The deathcap is healed.
A bone dragon comes into view.
The tainted leviathan attempts to bespell you!
You resist with almost no effort. The bone dragon bites you.
* * * LOW HITPOINT WARNING * * *
The bone dragon claws you but does no damage.
The bone dragon completely misses you. The putrid mouth closely misses you.
You block the putrid mouth's attack.
Sanele blocks the bone dragon's attack.
The bone dragon claws Sanele!!
The bone dragon tramples Sanele but does no damage.
The tainted leviathan attempts to bespell you!
You resist with almost no effort.
The spectral spriggan defender hits you.
* * * LOW HITPOINT WARNING * * *
Sanele hits the bone dragon but does no damage.
Sanele hits the bone dragon with a +0 broad axe of speed!
Sanele hits the tainted leviathan with a +0 broad axe of speed!!
Your Brimstone Fiend gestures at the putrid mouth.
The sphere of damnation explodes!
The damnation engulfs the putrid mouth!!
The putrid mouth is destroyed!
The damnation engulfs the spectral golden dragon!!
The damnation engulfs the doom hound!!!
The damnation engulfs the spectral tengu reaver!!
The damnation engulfs the tainted leviathan!!!
The damnation engulfs the bone dragon!!!
The damnation engulfs your Brimstone Fiend.
Your Brimstone Fiend completely resists.
The damnation engulfs you!!!
You die...

#○.○...... .....▓
##C☼○....###....▓▓
#.Z○°○....#......▓
°.h○C°☼°°........▓
.°°○Z○§.○☼○......▓
.☼°z..☼.○C○°☼○○..▓▓
○°DD☼○°○☼D○°ZC1∩..▓
...○C°°Dz.R○☼.Z..▓▓
...○○°☼.f.2ChD@..▓
○.....°.fffD○.Z..▓
#.........#......▓
##.......###....▓▓
#......... .....▓
...............▓▓
.............▓▓
..........▓▓▓


You could see the friendly Sanele the knight (fast, idealised), 4 bone dragons,
3 tainted leviathans, a doom hound, a curse toe, a reaper, 2 deathcaps, 2
wandering mushrooms, a spectral golden dragon, a spectral spriggan defender, a
spectral tengu reaver (ally target) and a friendly Brimstone Fiend (summoned).

Vanquished Creatures
  Frederick (Vaults:2)
  Bai Suzhen (Vaults:2)
  A caustic shrike (Depths:3)
  Saint Roka (Vaults:4)
  Nikola (Swamp:2)
  4 golden dragons
  A bone dragon (Depths:4)
  A doom hound (Zig:14)
  6 tentacled monstrosities
  Jorgrun (Snake:2)
  3 liches
  A tainted leviathan (Zig:3)
  3 quicksilver dragons
  2 ancient champions
  4 sphinxes
  Frances (Elf:1)
  8 tentacled starspawn
  A death cob (Zot:2)
  The ghost of fly the Grappler, an adept TrBe of Trog (Swamp:1)
  3 draconian monks
  3 shadow dragons
  6 tengu reavers
  Roxanne (Swamp:2)
  Donald (Elf:3)
  Kirke (Swamp:3)
  A revenant (Crypt:1)
  3 storm dragons
  2 fire giants
  2 draconian knights
  3 nagarajas
  5 draconian scorchers
  4 orc warlords
  An iron dragon (Vaults:5)
  3 deep elf sorcerers (Elf:3)
  7 draconian shifters
  6 frost giants
  A ghost moth (Vaults:1)
  A caustic shrike zombie (Crypt:3)
  3 draconian annihilators
  3 draconian stormcallers
  7 vault wardens
  13 ironbound preservers
  2 war gargoyles
  8 very ugly things
  2 juggernaut skeletons (Crypt:1)
  A reaper (Depths:2)
  2 spriggan defenders (Depths:2)
  A green draconian (Zig:9)
  2 ironbound thunderhulks
  3 deep elf demonologists
  7 vampire knights
  The ghost of hitsuchi the Basher, a journeyman PaAK of Lugonu (Orc:1)
  6 stone giants
  2 eleionomae (Swamp:2)
  8 deep elf annihilators
  5 white draconians
  A spark wasp (Depths:2)
  4 yellow draconians
  An entropy weaver (Vaults:5)
  10 dire elephants
  2 purple draconians
  3 putrid mouths
  A bunyip (Zig:13)
  6 red draconians
  8 ettins
  4 eidola
  7 deep elf death magi
  A green death (Zig:13)
  5 deep elf high priests
  5 jiangshi
  A spectral quicksilver dragon (D:14)
  2 shambling mangroves (Zig:13)
  A merfolk impaler (Depths:2)
  2 fire dragons
  2 spriggan zombies
  14 yaktaur captains
  7 great orbs of eyes
  6 ogre magi
  Harold (D:7)
  2 boulder beetles (D:11)
  A spectral fenstrider witch (Swamp:1)
  A rakshasa (Depths:1)
  The ghost of kthxbai the Envoy of Void, a journeyman DsAK of Lugonu (Lair:3)
  5 ice dragons
  10 hydras
  7 naga warriors
  29 vault guards
  4 spriggan air magi
  3 ironbound frosthearts
  2 salamander tyrants
  A peacekeeper (Vaults:3)
  2 alligators
  4 anacondas
  A catoblepas (Lair:6)
  A ghost crab (Swamp:4)
  8 tengu warriors
  7 dancing weapons
  2 centaur warriors
  2 death yaks (Lair:6)
  3 death knights
  5 spriggan berserkers
  22 two-headed ogres
  6 deep troll shamans
  3 large abominations (Zig:10)
  A spectral dire elephant (Crypt:1)
  4 vampire magi
  4 orc high priests
  9 shock serpents
  7 deep troll earth magi
  5 naga sharpshooters
  A soul eater (Crypt:2)
  A sun demon (Depths:3)
  A hell knight (Depths:3)
  14 deep elf knights
  3 salamander mystics
  A titan skeleton (Crypt:1)
  An anaconda zombie (Crypt:2)
  2 fire crabs
  An iron troll (Depths:1)
  4 skeletal warriors
  2 goliath frogs (Zig:13)
  A shadow wraith (Crypt:2)
  4 spectral spriggans
  A sixfirhy (Depths:2)
  4 glowing orange brains
  A storm dragon skeleton (Crypt:3)
  43 deep trolls
  2 shadow demons (Depths:2)
  A spriggan druid (Zig:13)
  3 naga ritualists
  7 flayed ghosts
  A bunyip skeleton (Crypt:2)
  3 phantasmal warriors
  11 wizards
  5 swamp dragons
  A sphinx zombie (Vaults:2)
  14 deep elf pyromancers
  A mana viper (shapeshifter) (Elf:2)
  8 lindwurms
  7 deep elf archers
  16 deep elf zephyrmancers
  2 fenstrider witch simulacra (Swamp:1)
  13 ironbound convokers
  8 mana vipers
  5 necromancers
  24 ugly things
  2 manticores
  2 orc sorcerers
  8 orc knights
  4 salamanders
  4 elephants (Lair:2)
  8 moths of wrath
  A spectral centaur (Crypt:1)
  15 vault sentinels
  8 guardian serpents
  9 naga magi
  A spectral iron troll (Crypt:1)
  29 black mambas
  Maggie (Lair:1)
  A smoke demon (Depths:3)
  A grey draconian zombie (Crypt:2)
  A torpor snail (Lair:6)
  6 cane toads
  A hellion (Zig:10)
  5 kobold demonologists
  8 komodo dragons
  3 rime drakes
  8 freezing wraiths
  18 yaktaurs
  2 efreet (D:15)
  A spectral naga (Crypt:1)
  A green draconian skeleton (Crypt:2)
  A spectral deep troll (Crypt:1)
  A tormentor (Zig:14)
  5 tengu conjurers
  A meliai (shapeshifter) (Elf:2)
  A yaktaur skeleton (Vaults:1)
  A bloated husk (Zig:13)
  4 meliai
  2 hornets
  6 tyrant leeches
  A hydra skeleton (Crypt:1)
  11 slime creatures
  Prince Ribbit (D:5)
  19 blink frogs
  A dream sheep (shapeshifter) (Vaults:1)
  5 spriggans
  5 wraiths
  An ice dragon skeleton (Crypt:1)
  A centaur simulacrum (Crypt:1)
  2 ynoxinuls
  A black mamba zombie (Crypt:1)
  An ettin skeleton (Vaults:2)
  5 water elementals
  26 yaks
  Sigmund (D:5)
  2 hogs (Swamp:3)
  5 wyverns
  2 fire elementals
  3 golden eyes (WizLab)
  4 basilisks
  A chaos spawn (Depths:2)
  3 steam dragons
  2 swamp worm simulacra (Swamp:4)
  9 vampire mosquitoes
  Edmund (D:5)
  A neqoxec (WizLab)
  A warg (Zig:7)
  A warg (shapeshifter) (Vaults:5)
  22 nagas
  12 swamp worms
  A water nymph zombie (Crypt:2)
  8 water moccasins
  2 acid dragons (D:13)
  A floating eye (Depths:4)
  2 hell hounds (D:15)
  3 hydra simulacra
  21 orc warriors
  A swamp drake (Swamp:1)
  2 black bears
  An ice beast (D:5)
  13 wolves
  2 necrophages
  5 boggarts
  11 starcursed masses
  12 centaurs
  26 ogres
  10 kobold brigands
  6 bullfrogs
  A draconian skeleton (Crypt:3)
  4 scorpions
  A gnoll sergeant (D:10)
  A small abomination (Zig:10)
  A warg zombie (Crypt:3)
  An elephant simulacrum (IceCv)
  8 wights
  A troll skeleton (Crypt:2)
  8 electric eels
  3 howler monkeys
  3 bullfrog zombies
  A centaur skeleton (D:7)
  2 jellies
  2 centaur zombies
  3 hounds
  15 orc priests
  A bullfrog skeleton (D:5)
  3 iron imps (Gauntlet)
  4 iguanas
  2 ancestors (D:10)
  2 knights
  13 orc wizards
  12 hell rats
  A killer bee zombie (D:9)
  A deep dwarf skeleton (Crypt:1)
  A hound skeleton (D:5)
  4 adders
  8 gnolls
  2 shadow imps
  5 white imps
  An ufetubus (D:5)
  2 swamp drake simulacra (Swamp:4)
  An adder zombie (Crypt:1)
  63 orcs
  4 bats
  9 endoplasms
  A giant cockroach (D:1)
  7 hobgoblins
  8 jackals
  3 quokkas (D:2)
  5 ball pythons
  2 frilled lizards (D:1)
  9 goblins
  24 kobolds
  6 rats
  3 starspawn tentacles (WizLab)
1354 creatures vanquished.

Vanquished Creatures (collateral kills)
  2 dread liches
  2 ancient liches
  A royal mummy (Depths:2)
  Xtahua (Vaults:5)
  A caustic shrike (Depths:2)
  2 curse toes (Crypt:3)
  3 golden dragons
  3 bone dragons
  A Tzitzimitl (Zig:14)
  2 walking crystal tomes
  7 tentacled monstrosities
  4 liches
  2 titans
  A walking frostbound tome (Depths:3)
  A quicksilver dragon (shapeshifter) (Vaults:4)
  2 quicksilver dragons
  2 deep elf master archers (Elf:3)
  4 ancient champions
  3 sphinxes
  A tentacled starspawn (WizLab)
  3 shadow dragons
  A death cob (Zot:2)
  5 storm dragons
  4 tengu reavers
  A thorn hunter (Swamp:4)
  2 draconian monks (Zot:2)
  11 nagarajas
  The ghost of Teinill the Grappler, a journeyman OgTm of Okawaru (D:14)
  2 fire giants
  A fenstrider witch (Zig:13)
  2 draconian knights
  A rockslime (shapeshifter) (Depths:3)
  An azure jelly (shapeshifter) (D:13)
  5 revenants
  An orc warlord (Vaults:3)
  5 draconian scorchers
  10 vault wardens
  5 deep elf sorcerers
  3 deep elf elementalists (Elf:3)
  An iron dragon (Vaults:5)
  2 balrugs
  11 frost giants
  A draconian shifter (Zot:2)
  2 ghouls (Crypt:2)
  A cacodemon (WizLab)
  9 ironbound preservers
  A draconian stormcaller (Zot:1)
  A war gargoyle (Vaults:3)
  2 spriggan defenders (Depths:2)
  3 draconian annihilators
  13 stone giants
  11 vampire knights
  9 very ugly things
  3 ironbound thunderhulks
  A caustic shrike skeleton (Crypt:2)
  4 reapers
  6 green draconians
  4 deep elf annihilators (Elf:3)
  2 putrid mouths (Zig:14)
  2 eleionomae
  An entropy weaver (Vaults:1)
  3 red draconians
  9 black draconians
  6 purple draconians
  3 spark wasps
  7 dire elephants (Vaults:2)
  5 yellow draconians
  5 white draconians
  4 bunyips
  A minotaur (Gauntlet)
  6 eidola
  3 deep elf death magi
  Snorg (Orc:2)
  4 crystal guardians
  15 jiangshi
  A blizzard demon (Depths:2)
  A spectral golden dragon (Zig:14)
  3 deep elf high priests
  12 vault guards
  5 ettins
  3 fire dragons
  A mummy priest (Depths:2)
  4 yaktaur captains
  4 salamander tyrants
  2 spriggan air magi
  2 boulder beetles
  5 naga warriors
  4 great orbs of eyes
  A spectral fenstrider witch (Crypt:1)
  2 spectral spriggans (Crypt:1)
  3 ogre magi
  8 ice dragons
  3 hell beasts
  10 hydras
  2 peacekeepers
  A caustic shrike simulacrum (Crypt:1)
  5 ironbound frosthearts
  2 death knights (Crypt:2)
  2 catoblepae (Lair:6)
  2 spriggan skeletons
  5 centaur warriors
  5 anacondas
  13 two-headed ogres
  3 ghost crabs (Swamp:3)
  11 dancing weapons
  4 alligators
  An anaconda (shapeshifter) (Vaults:5)
  2 deep troll earth magi
  4 death yaks (Lair:6)
  5 tengu warriors
  The ghost of waddelsworth the Destroyer, a journeyman GrEE of Vehumet (D:10)
  3 deep troll shamans
  An orc high priest (D:13)
  2 shock serpents
  Urug (Lair:6)
  10 vampire magi
  A spectral dire elephant (Crypt:1)
  A thrashing horror (Zig:10)
  A soul eater (Depths:3)
  6 spriggan berserkers
  6 naga sharpshooters
  6 deep elf knights
  2 hell knights (Depths:3)
  3 iron trolls
  2 spriggans
  8 skeletal warriors
  An emperor scorpion zombie (Crypt:1)
  3 sun demons
  A salamander mystic (Zig:8)
  4 shadow wraiths
  3 goliath frogs
  An orb spider (shapeshifter) (Depths:1)
  A spatial maelstrom (Zig:10)
  A spriggan druid (Swamp:2)
  A glowing orange brain (shapeshifter) (Vaults:5)
  17 deep trolls
  2 wizards
  3 flayed ghosts
  8 swamp dragons
  A death drake (Zig:10)
  6 naga ritualists
  4 deep elf zephyrmancers
  6 phantasmal warriors
  2 glowing orange brains (WizLab)
  2 lindwurms
  7 ironbound convokers
  A bog body (Swamp:3)
  A spectral hydra (Crypt:2)
  A shadow dragon zombie (Vaults:1)
  4 harpies (Vaults:2)
  8 deep elf pyromancers
  6 deep elf archers
  A fenstrider witch simulacrum (Swamp:1)
  6 orc knights
  4 will-o-the-wisps
  2 necromancers
  16 ugly things
  7 mana vipers
  5 moths of wrath
  5 cyclopes
  5 manticores
  4 stone giant zombies
  11 salamanders
  An oklob plant (Lair:5)
  2 elephants (Lair:2)
  A guardian serpent (Snake:1)
  Joseph (D:7)
  A spectral centaur (Crypt:1)
  4 vault sentinels
  A dire elephant zombie (Crypt:1)
  A spectral iron troll (Crypt:1)
  6 naga magi
  30 black mambas
  3 eyes of devastation
  7 cane toads
  A smoke demon (Zig:2)
  An alligator snapping turtle zombie (Crypt:1)
  A steelbarb worm zombie (Crypt:1)
  7 freezing wraiths
  An efreet (D:14)
  A tormentor (Zig:14)
  23 yaktaurs
  A kobold demonologist (D:11)
  A hellwing (Depths:2)
  A hellion (Zig:14)
  2 ice devils (D:12)
  3 komodo dragons
  A black draconian skeleton (Crypt:3)
  A guardian mummy (Depths:2)
  A bloated husk (Swamp:1)
  A spectral deep troll (Crypt:1)
  A yellow draconian skeleton (Crypt:1)
  2 polar bears (Lair:6)
  A red devil (Depths:1)
  A human zombie (Vaults:2)
  2 tyrant leeches
  10 hornets
  4 trolls
  A harpy skeleton (Crypt:1)
  17 slime creatures
  15 blink frogs
  2 ettin zombies
  A centaur simulacrum (D:14)
  A spriggan (shapeshifter) (Vaults:5)
  A shadow (D:9)
  2 wraiths
  A vampire (D:10)
  A black mamba zombie (Crypt:2)
  15 yaks
  2 flying skulls
  4 water elementals
  3 wyverns
  4 fire elementals
  2 hogs (Swamp:3)
  6 basilisks
  2 death yak simulacra (IceCv)
  A hog (shapeshifter) (Elf:1)
  A chaos spawn (Depths:2)
  14 vampire mosquitoes
  A golden eye (Gauntlet)
  4 swamp worm simulacra (Swamp:4)
  Menkaure (D:7)
  4 swamp worms
  3 large abominations (Zig:10)
  6 water moccasins
  2 hell hounds (D:15)
  16 nagas
  10 hydra simulacra (Swamp:4)
  An acid dragon (D:13)
  2 death drake simulacra (Swamp:1)
  2 swamp drakes
  17 orc warriors
  A black bear (Lair:5)
  2 sky beasts (D:6)
  An ice beast (D:6)
  3 spriggan simulacra (Swamp:1)
  10 ogres
  11 wolves
  5 centaurs
  A human skeleton (Vaults:2)
  7 kobold brigands (D:10)
  4 bullfrogs
  A cane toad simulacrum (IceCv)
  2 earth elementals
  A water moccasin skeleton (D:4)
  A raiju zombie (Crypt:3)
  A polar bear zombie (Crypt:1)
  A wight (D:9)
  An electric eel (Lair:6)
  A small abomination (Zig:10)
  2 centaur zombies
  3 orc priests
  9 starcursed masses (WizLab)
  An iron imp (Gauntlet)
  5 orc wizards
  An iguana (D:4)
  6 hell rats
  A statue (D:9)
  A tengu skeleton (Crypt:2)
  A gnoll (D:5)
  An adder (D:2)
  A lava snake skeleton (Crypt:1)
  A worm (D:5)
  12 orcs
  A quokka (D:2)
  7 kobolds
  A kobold skeleton (Crypt:3)
  2 bushes (Lair:6)
  3 starspawn tentacles
1031 creatures vanquished.

Vanquished Creatures (others)
  An eldritch tentacle (Vaults:1)
  A draconian knight (Zig:11)
  2 stone giants
  A draconian annihilator (Zig:9)
  A black draconian (Zot:2)
  A purple draconian (Zig:11)
  A yaktaur captain (Vaults:1)
  A naga sharpshooter (Zig:8)
  A spriggan druid (Swamp:4)
  A cyclops (D:13)
  4 yaktaurs
  3 bloated husks
  A wyvern (Lair:6)
  4 dancing weapons
  A vampire mosquito (Swamp:1)
  9 ancestors
  34 knights
  A hell rat (D:15)
  5 bushes (Lair:6)
  5 demonic plants (WizLab)
  14 foxfires
  33 fulminant prisms
  19 fungi
  88 plants
  16 starspawn tentacles
248 creatures vanquished.

Grand Total: 2633 creatures vanquished

Notes
Turn   | Place    | Note
-------+----------+-------------------------------------------
     0 | D:1      | 4FPSwarrior the Demonspawn Hedge Wizard began the quest for
                  | the Orb.
     0 | D:1      | Reached XP level 1. HP: 13/13 MP: 4/4
   456 | D:1      | Gained mutation: A weak demonic guardian rushes to your
                  | aid. [demonic ancestry]
   456 | D:1      | Reached XP level 2. HP: 15/20 MP: 0/6
   893 | D:1      | Reached skill level 1 in Fighting
  1602 | D:2      | Reached XP level 3. HP: 26/26 MP: 0/7
  2821 | D:3      | Learned a level 2 spell: Blink
  2825 | D:3      | Learned a level 3 spell: Mephitic Cloud
  3053 | D:3      | Reached XP level 4. HP: 31/33 MP: 5/9
  3405 | D:3      | Identified the +8 hunting sling of Purpose {vorpal, rPois
                  | rN+}
  3773 | D:3      | Found a shimmering blue altar of Sif Muna.
  3785 | D:3      | Found an ornate altar of the Wu Jian Council.
  3788 | D:3      | Found a shimmering altar of Xom.
  3865 | D:4      | Reached skill level 1 in Translocations
  4074 | D:4      | Gained mutation: A demonic guardian rushes to your aid.
                  | [demonic ancestry]
  4074 | D:4      | Reached XP level 5. HP: 6/39 MP: 6/10
  4422 | D:4      | HP: 1/39 [poisoned by a scorpion]
  4423 | D:4      | Reached skill level 1 in Air Magic
  4423 | D:4      | Reached skill level 1 in Poison Magic
  4680 | D:4      | Noticed a phantom
  5636 | D:5      | Entered Level 5 of the Dungeon
  5663 | D:5      | Found a sparkling altar of Nemelex Xobeh.
  5724 | D:5      | Gained mutation: You are partially covered in large bone
                  | plates. (SH +4) [demonic ancestry]
  5724 | D:5      | Reached XP level 6. HP: 46/46 MP: 2/11
  6274 | D:5      | Found Heracles's Dragon-Slaying Spoils.
  6439 | D:5      | Reached XP level 7. HP: 21/52 MP: 2/13
  6696 | D:5      | Noticed Edmund
  6808 | D:5      | Noticed Prince Ribbit
  6833 | D:5      | Killed Prince Ribbit
  7662 | D:5      | Gained mutation: You regenerate a little health from kills.
                  | [demonic ancestry]
  7662 | D:5      | Reached XP level 8. HP: 26/61 MP: 5/14
  8125 | D:5      | Reached skill level 5 in Conjurations
  8491 | D:6      | Reached skill level 5 in Fighting
  9128 | D:6      | Reached skill level 5 in Spellcasting
 10069 | D:7      | Noticed Menkaure
 10263 | D:7      | Gained mutation: You regenerate health from kills. [demonic
                  | ancestry]
 10263 | D:7      | Reached XP level 9. HP: 57/69 MP: 11/16
 10334 | D:7      | Noticed Joseph
 10812 | D:5      | Noticed Sigmund
 10822 | D:5      | Killed Sigmund
 11012 | D:5      | Killed Edmund
 11411 | D:7      | Killed Joseph
 11711 | D:7      | Noticed Harold
 11791 | D:7      | Found a staircase to the Ecumenical Temple.
 11801 | Temple   | Entered the Ecumenical Temple
 11854 | Temple   | Became a worshipper of Hepliaklqana the Forgotten
 12103 | D:7      | Killed Menkaure
 12104 | D:7      | Reached skill level 1 in Invocations
 12294 | D:8      | Noticed a two-headed ogre
 12782 | D:7      | Reached skill level 2 in Invocations
 13233 | D:8      | Reached skill level 3 in Invocations
 13985 | D:9      | Reached XP level 10. HP: 63/79 MP: 6/19
 14107 | D:9      | HP: 1/79 [slime creature (17)]
 14109 | D:9      | Reached skill level 4 in Invocations
 14556 | D:8      | Killed a two-headed ogre
 14557 | D:8      | Reached skill level 5 in Poison Magic
 14950 | D:9      | Learned a level 2 spell: Sublimation of Blood
 14955 | D:9      | Learned a level 4 spell: Olgreb's Toxic Radiance
 15078 | D:9      | Reached skill level 5 in Invocations
 15533 | D:9      | Reached * piety under Hepliaklqana
 15533 | D:9      | Noticed a fire dragon
 15570 | D:9      | Reached skill level 1 in Necromancy
 15595 | D:9      | HP: 3/68 [wight/+3 dire flail (3)]
 15931 | D:9      | Identified the +3 chain mail of the Poles {Will+}
 16128 | D:9      | Reached skill level 6 in Invocations
 16778 | D:9      | Found a radiant altar of Vehumet.
 16871 | D:10     | Entered Level 10 of the Dungeon
 17131 | D:10     | Found a staircase to the Orcish Mines.
 17285 | D:10     | Found a runed translucent gate.
 17286 | D:10     | Found a runed translucent gate.
 17287 | D:10     | Found a runed translucent gate.
 17296 | D:10     | Reached skill level 7 in Invocations
 17802 | D:10     | Gained mutation: You have sharp fingernails. [demonic
                  | ancestry]
 17802 | D:10     | Reached XP level 11. HP: 42/77 MP: 11/21
 18210 | D:10     | Reached skill level 8 in Invocations
 18322 | D:10     | Identified the +2 ring mail of Light {rF+}
 18432 | D:10     | Noticed waddelsworth's ghost (journeyman GrEE)
 18503 | D:10     | Found Canwiem's General Store.
 18512 | D:10     | Bought 2 potions of curing for 78 gold pieces
 18512 | D:10     | Bought a scroll of teleportation for 39 gold pieces
 18512 | D:10     | Bought 2 throwing nets for 78 gold pieces
 18978 | D:10     | Noticed a sixfirhy
 19496 | D:10     | Learned a level 4 spell: Sticky Flame
 20009 | D:11     | Noticed a boulder beetle
 20021 | D:11     | Noticed a tengu warrior
 20031 | D:11     | Killed a boulder beetle
 20031 | D:11     | Noticed an eight-headed hydra
 20032 | D:11     | Reached skill level 9 in Invocations
 20033 | D:11     | Killed a tengu warrior
 20225 | D:11     | Noticed a boulder beetle
 20617 | Orc:1    | Entered Level 1 of the Orcish Mines
 20617 | Orc:1    | Reached ** piety under Hepliaklqana
 20646 | Orc:1    | Noticed an orc sorcerer
 20647 | Orc:1    | Noticed an orc knight
 21049 | D:10     | Remembered your ancestor Sanele as a knight
 21090 | D:10     | Found a staircase to the Orcish Mines.
 21145 | D:10     | Found a runed translucent gate.
 21146 | D:10     | Found a runed translucent gate.
 21149 | D:10     | Found a runed translucent gate.
 21715 | D:11     | Noticed a two-headed ogre
 21722 | D:11     | Killed a two-headed ogre
 21767 | D:11     | Reached skill level 5 in Necromancy
 21767 | D:11     | Reached skill level 10 in Invocations
 21779 | D:11     | Noticed a green ugly thing
 21789 | D:11     | Killed a green ugly thing
 22401 | D:10     | Found Canwiem's General Store.
 22552 | D:7      | Killed Harold
 22797 | D:9      | Noticed a skeletal warrior
 22809 | D:9      | Killed a skeletal warrior
 23126 | D:11     | Killed a boulder beetle
 23127 | D:11     | Reached skill level 1 in Fire Magic
 23127 | D:11     | Gained mutation: You have very sharp fingernails. [demonic
                  | ancestry]
 23127 | D:11     | Reached XP level 12. HP: 49/85 MP: 4/23
 23262 | D:11     | Found a staircase to the Lair.
 23273 | Lair:1   | Entered Level 1 of the Lair of Beasts
 23326 | Lair:1   | Reached skill level 11 in Invocations
 23971 | Lair:1   | Noticed Maggie
 23980 | Lair:1   | Killed Maggie
 24796 | Lair:1   | Reached *** piety under Hepliaklqana
 25195 | Lair:2   | Reached skill level 12 in Invocations
 25957 | Lair:2   | Found a staircase to the Swamp.
 26190 | Lair:2   | Gained mutation: You are mostly covered in large bone
                  | plates. (SH +6) [demonic ancestry]
 26190 | Lair:2   | Reached XP level 13. HP: 91/91 MP: 5/25
 26794 | Lair:3   | Found a runed translucent gate.
 26794 | Lair:3   | Found a runed translucent gate.
 26795 | Lair:3   | Found a runed translucent gate.
 26795 | Lair:3   | Noticed kthxbai's ghost (journeyman DsAK)
 26856 | Lair:3   | Reached skill level 13 in Invocations
 26894 | Lair:3   | Reached **** piety under Hepliaklqana
 27181 | Lair:3   | Found a staircase to the Snake Pit.
 27742 | Lair:4   | Reached skill level 10 in Fighting
 28066 | Lair:4   | Reached ***** piety under Hepliaklqana
 28071 | Lair:4   | Got the Catalogue of the Virous Birds
 28468 | Lair:4   | You fall into a shaft and drop 1 floor!
 29899 | Lair:5   | Found a staircase to the Slime Pits.
 30109 | Lair:5   | Reached skill level 14 in Invocations
 30616 | Lair:6   | Entered Level 6 of the Lair of Beasts
 31202 | Lair:6   | Noticed Urug
 31209 | Lair:6   | Killed Urug
 31734 | Lair:6   | Gained mutation: You have claws for hands. [demonic
                  | ancestry]
 31734 | Lair:6   | Reached XP level 14. HP: 91/99 MP: 2/27
 32002 | Lair:6   | Identified the +0 robe of Loff {Rampage rC+ Regen+ Int-3}
 32250 | Lair:6   | Reached skill level 5 in Fire Magic
 32650 | Lair:6   | Reached skill level 1 in Unarmed Combat
 33123 | Lair:6   | Reached skill level 10 in Conjurations
 33320 | Lair:6   | Reached skill level 15 in Invocations
 34617 | D:11     | Found a staircase to the Lair.
 34934 | D:12     | Found a frozen archway.
 34959 | IceCv    | Entered an ice cave
 35210 | IceCv    | Found a transporter.
 35220 | IceCv    | Found a transporter.
 36796 | D:12     | Learned a level 3 spell: Ignite Poison
 37596 | D:12     | Learned a level 5 spell: Iskenderun's Battlesphere
 38313 | D:13     | Found a gate to the Vaults.
 38420 | D:13     | Found a transporter.
 38608 | D:13     | Found a transporter.
 39129 | D:14     | Gained mutation: You regenerate a lot of health from kills.
                  | [demonic ancestry]
 39129 | D:14     | Reached XP level 15. HP: 106/106 MP: 20/28
 39173 | D:14     | Found a transporter.
 39174 | D:14     | Noticed Teinill's ghost (journeyman OgTm)
 39180 | D:14     | Found a transporter.
 39566 | D:14     | Reached skill level 10 in Spellcasting
 39585 | D:14     | Reached skill level 16 in Invocations
 40539 | D:5      | Bought quicksilver dragon scales for 840 gold pieces
 40677 | Orc:1    | Reached skill level 5 in Unarmed Combat
 41176 | Orc:1    | Noticed hitsuchi's ghost (journeyman PaAK)
 41177 | Orc:1    | Found a transporter.
 41386 | Orc:2    | Entered Level 2 of the Orcish Mines
 41590 | Orc:2    | Noticed Snorg
 41597 | Orc:2    | Killed Snorg
 41598 | Orc:2    | Reached skill level 10 in Poison Magic
 41655 | Orc:2    | Found Ugone's Assorted Antiques.
 41676 | Orc:2    | Bought a scroll of identify for 46 gold pieces
 41676 | Orc:2    | Bought a scroll of identify for 46 gold pieces
 41848 | Orc:2    | Found a staircase to the Elven Halls.
 41915 | Orc:2    | Reached ****** piety under Hepliaklqana
 42984 | Orc:2    | Found Xodil's Antique Weapon Emporium.
 42984 | Orc:2    | Found Gaonoir's Weapon Shop.
 42984 | Orc:2    | Found Qeitol's Magic Scroll Shop.
 42984 | Orc:2    | Found Fidiruh's Assorted Antiques.
 43023 | Orc:2    | Bought a scroll of identify for 26 gold pieces
 44322 | D:14     | Found a transporter.
 44324 | D:14     | Found a transporter.
 44625 | D:14     | Identified the ring of the Sunfish {rN+ Dex+6}
 44664 | D:14     | Found the +8 glaive of the Guard {elec, spectral, AC+5}
 44783 | D:14     | Identified the +3 hat of the Griffon {rN+}
 45111 | D:15     | Entered Level 15 of the Dungeon
 45126 | D:15     | Found Atiuruoj's Distillery.
 45131 | D:15     | Reached skill level 17 in Invocations
 45192 | D:15     | Found a gate leading to a gauntlet.
 45206 | Gauntlet | Entered a Gauntlet
 45206 | Gauntlet | Found a transporter.
 45317 | Gauntlet | Found a transporter.
 45318 | Gauntlet | Found a transporter.
 45318 | Gauntlet | Found a transporter.
 45327 | Gauntlet | Found a transporter.
 45329 | Gauntlet | Found a transporter.
 45330 | Gauntlet | Found a transporter.
 45342 | Gauntlet | Found a transporter.
 45343 | Gauntlet | Found a transporter.
 45343 | Gauntlet | Found a transporter.
 45351 | Gauntlet | Found a transporter.
 45354 | Gauntlet | Found a transporter.
 45355 | Gauntlet | Found a transporter.
 45366 | Gauntlet | Found a transporter.
 45424 | Gauntlet | Found a runed translucent door.
 45601 | Gauntlet | Identified the +7 shortbow of Integrity {venom, rN+ Will+
                  | Int-3 Stlth+}
 45816 | Gauntlet | Identified the ring of Moral Flaws {EV+4 Str+5}
 45816 | Gauntlet | Identified the +5 mace of Jaekhaci {elec, rPois}
 45817 | Gauntlet | Got the Catalogue of the Glacier and Beguiling
 46119 | D:15     | Reached skill level 10 in Necromancy
 46125 | D:15     | Reached XP level 16. HP: 114/114 MP: 16/30
 46996 | Swamp:1  | Entered Level 1 of the Swamp
 47214 | Swamp:1  | Found a runed translucent gate.
 47214 | Swamp:1  | Found a runed translucent gate.
 47214 | Swamp:1  | Found a runed translucent gate.
 47220 | Swamp:1  | Noticed fly's ghost (adept TrBe)
 47731 | Swamp:1  | Noticed a tentacled monstrosity
 47753 | Swamp:1  | Killed a tentacled monstrosity
 48333 | D:5      | Bought +0 pearl dragon scales for 1400 gold pieces
 48547 | Snake:1  | Entered Level 1 of the Snake Pit
 49249 | Snake:1  | Reached skill level 1 in Armour
 49362 | Snake:1  | Found Xunlau's Weapon Shop.
 49857 | Snake:1  | Reached skill level 18 in Invocations
 52758 | Snake:3  | Noticed Jorgrun
 52768 | Snake:2  | Killed Jorgrun
 53613 | Snake:3  | Gained mutation: Your hexes are more powerful. [demonic
                  | ancestry]
 53613 | Snake:3  | Reached XP level 17. HP: 120/120 MP: 23/32
 54231 | Swamp:2  | Identified the +1 pair of gloves of Inference {rF+ Int+5
                  | Dex-2}
 54231 | Swamp:2  | Noticed Nikola
 54419 | Swamp:2  | Identified Roxanne's Almanac of Transmutation
 54419 | Swamp:2  | Noticed Roxanne
 54937 | Swamp:2  | Killed Nikola
 55302 | Swamp:2  | Killed Roxanne
 55809 | Swamp:3  | Reached skill level 19 in Invocations
 55812 | Swamp:3  | Noticed Kirke
 55824 | Swamp:3  | Reached skill level 1 in Transmutations
 55838 | Swamp:3  | Killed Kirke
 56389 | Swamp:4  | Entered Level 4 of the Swamp
 56389 | Swamp:4  | Noticed a tentacled monstrosity
 56756 | Swamp:4  | Killed a tentacled monstrosity
 59015 | Swamp:4  | Got a decaying rune of Zot
 59292 | D:15     | Found a staircase to the Depths.
 59573 | D:10     | Killed waddelsworth's ghost
 59769 | Lair:3   | Killed kthxbai's ghost
 59777 | Lair:3   | Identified the +6 great sword "Jockepur" {flame, Fly rElec
                  | rPois Dex-5}
 60126 | Orc:1    | Found a transporter.
 60173 | Orc:1    | Killed hitsuchi's ghost
 60384 | Vaults:1 | Entered Level 1 of the Vaults
 60589 | Vaults:1 | Reached XP level 18. HP: 113/127 MP: 21/33
 60868 | Vaults:1 | Reached skill level 10 in Unarmed Combat
 60970 | Vaults:1 | Reached skill level 5 in Dodging
 61434 | Vaults:1 | Noticed an ancient lich
 61632 | Vaults:1 | Killed an ancient lich
 61790 | Vaults:1 | Reached skill level 20 in Invocations
 61810 | Vaults:1 | Reached skill level 5 in Armour
 61927 | Vaults:1 | Identified the +10 morningstar "Hoarohi" {venom, rElec rF+}
 61927 | Vaults:1 | Identified the +4 steam dragon scales of Experimentation
                  | {rF+++ Str-3 Slay-3 SInv}
 63127 | Snake:4  | Entered Level 4 of the Snake Pit
 63659 | Snake:4  | Learned a level 5 spell: Fireball
 63886 | Snake:4  | Reached XP level 19. HP: 135/135 MP: 31/35
 64679 | Snake:4  | Got a serpentine rune of Zot
 65668 | Vaults:1 | Noticed an iron giant
 65910 | Elf:1    | Entered Level 1 of the Elven Halls
 66132 | Elf:1    | Noticed Frances
 66140 | Elf:1    | Killed Frances
 66461 | Elf:1    | Found Giev Sod's Magic Scroll Boutique.
 66472 | Elf:1    | Bought a scroll of fog for 30 gold pieces
 66472 | Elf:1    | Bought a scroll of blinking for 112 gold pieces
 66644 | Elf:1    | Reached skill level 5 in Transmutations
 67073 | Elf:1    | Found Naloa's Firing Range.
 67077 | Elf:1    | Bought a throwing net for 51 gold pieces
 68189 | Elf:2    | Identified the +4 chain mail of Mateck {Rampage rCorr
                  | Int+2}
 68216 | Elf:2    | Reached skill level 10 in Fire Magic
 68542 | Elf:2    | Found a runed translucent gate.
 68542 | Elf:2    | Found a runed translucent gate.
 68542 | Elf:2    | Found a runed translucent gate.
 68650 | Elf:3    | Entered Level 3 of the Elven Halls
 68706 | Elf:3    | Found Wuden's General Store.
 68741 | Elf:3    | Found a magical portal.
 68774 | WizLab   | Entered Lehudib's Moon Base
 68892 | WizLab   | Found a transporter.
 68892 | WizLab   | Found the +3 robe of Clouds {*Thunder rCloud rElec}
 68966 | WizLab   | Paralysed by accursed screaming for 1 turns
 68974 | WizLab   | Reached XP level 20. HP: 83/144 MP: 36/36
 69550 | WizLab   | Learned a level 3 spell: Tukima's Dance
 69906 | Elf:3    | Found Deqip's Armour Shoppe.
 69906 | Elf:3    | Found Iros's Weapon Emporium.
 70542 | Elf:3    | Identified a scroll of acquirement
 70551 | Elf:3    | Acquired 373 gold pieces
 70643 | Elf:3    | Reached skill level 1 in Hexes
 70652 | Elf:3    | Reached skill level 21 in Invocations
 70826 | Elf:3    | Noticed Donald
 70832 | Elf:3    | Killed Donald
 70853 | Elf:3    | Reached skill level 15 in Fighting
 71184 | Elf:3    | Found the +7 Kryia's mail coat {PotionHeal*2 rC+}
 71195 | Elf:3    | Identified the +6 hand crossbow of the Twenty Visionaries
                  | {elec, Dex+4}
 71278 | Elf:3    | Learned a level 6 spell: Eringya's Noxious Bog
 71444 | Depths:1 | Entered Level 1 of the Depths
 71562 | Depths:1 | Found a gateway to Hell.
 71802 | Depths:1 | Found a one-way gateway to a ziggurat.
 72233 | Depths:1 | You fall into a shaft and drop 1 floor!
 73028 | Depths:1 | Found a one-way gate leading to the halls of Pandemonium.
 73154 | Depths:1 | Found a gateway to Hell.
 73175 | Depths:1 | Found a one-way gateway to a ziggurat.
 73918 | Depths:2 | Found a large runed translucent door.
 73918 | Depths:2 | Found a large runed translucent door.
 74167 | Depths:2 | Reached XP level 21. HP: 152/152 MP: 3/38
 75279 | D:13     | Identified the +0 cloak "Sahosego" {+Blink Will++}
 75516 | Depths:2 | Found a one-way gate to the infinite horrors of the Abyss.
 75759 | Depths:2 | Found a shimmering altar of Xom.
 76693 | Vaults:1 | Found Nummuh's Assorted Antiques.
 76705 | Vaults:1 | Bought a scroll of magic mapping for 122 gold pieces
 76705 | Vaults:1 | Bought an ancient robe for 199 gold pieces
 76705 | Vaults:1 | Identified the +1 robe "Ceoploa" {Will+} (You bought it in
                  | a shop on level 1 of the Vaults)
 76777 | Vaults:1 | Found Erarese's Book Boutique.
 76947 | Vaults:1 | Found Ompollow's Antique Armour Shoppe.
 77324 | Vaults:1 | Got the Papyrus of Earthen Moulding
 77474 | Vaults:2 | Noticed Frederick
 77489 | Vaults:2 | Killed Frederick
 78310 | Vaults:2 | Noticed Bai Suzhen
 78321 | Vaults:2 | Killed Bai Suzhen
 78722 | Vaults:2 | Reached skill level 5 in Hexes
 78849 | Vaults:2 | Identified the +10 flail of Mana {freeze, rElec rN++ Int+2}
 79813 | Vaults:2 | Gained mutation: Your melee attacks may debilitate your
                  | foes. [demonic ancestry]
 79813 | Vaults:2 | Reached XP level 22. HP: 155/161 MP: 26/39
 82198 | Vaults:3 | Found a staircase to the Crypt.
 82436 | Vaults:4 | Found Jueni's Weapon Shop.
 82928 | Vaults:4 | Noticed Saint Roka
 82941 | Vaults:4 | Killed Saint Roka
 83463 | Vaults:4 | Noticed a golden dragon
 83488 | Vaults:4 | Killed a golden dragon
 84630 | Depths:3 | Reached skill level 10 in Transmutations
 85148 | Depths:3 | Noticed a caustic shrike
 85557 | D:14     | Killed Teinill's ghost
 85602 | D:14     | Got the Catalogue of Weightlessness and Flames
 85821 | Swamp:1  | Killed fly's ghost
 85837 | Swamp:1  | Identified the +1 rapier of the Wizarding Fool {freeze,
                  | rF+}
 86097 | Depths:2 | Killed a caustic shrike
 86564 | Depths:3 | Learned a level 4 spell: Fulminant Prism
 86608 | Depths:3 | Noticed a shard shrike
 86609 | Depths:3 | a shard shrike changed into a titan
 86813 | Depths:3 | Noticed a caustic shrike
 86821 | Depths:3 | Killed a caustic shrike
 86822 | Depths:3 | Reached XP level 23. HP: 169/169 MP: 6/40
 88505 | Depths:4 | Entered Level 4 of the Depths
 89580 | Depths:4 | Identified the +1 rapier "Hahene" {speed, Str+2 SInv}
 90978 | Depths:4 | Found a gate to the Realm of Zot.
 91398 | Vaults:5 | Entered Level 5 of the Vaults
 91400 | Vaults:5 | Noticed Xtahua
 91408 | Vaults:5 | Killed Xtahua
 91598 | Vaults:5 | Reached skill level 10 in Dodging
 91605 | Vaults:5 | Identified the +8 hunting sling of the Hungering King
                  | {vorpal, Int+3 Dex+4}
 92006 | Vaults:5 | Killed a dread lich
 92086 | Vaults:5 | Identified the ring "Noenasch" {Int+6 Dex+4}
 92319 | Vaults:5 | Identified the ring "Efiwogem" {AC+4 Int+3}
 92341 | Vaults:5 | Reached skill level 10 in Armour
 92644 | Vaults:5 | Gained mutation: A powerful demonic guardian rushes to your
                  | aid. [demonic ancestry]
 92644 | Vaults:5 | Reached XP level 24. HP: 131/177 MP: 22/40
 93537 | Vaults:5 | Got a silver rune of Zot
 93722 | Vaults:5 | Found Zoiv's Distillery.
 93727 | Vaults:5 | Bought 2 potions of heal wounds for 190 gold pieces
 93727 | Vaults:5 | Bought a potion of haste for 190 gold pieces
 93727 | Vaults:5 | Bought a potion of curing for 57 gold pieces
 93727 | Vaults:5 | Bought a potion of curing for 57 gold pieces
 93759 | Vaults:5 | Found Yrirr's Magic Scroll Shop.
 93764 | Vaults:5 | Bought a scroll of teleportation for 54 gold pieces
 93764 | Vaults:5 | Bought a scroll of enchant armour for 135 gold pieces
 93764 | Vaults:5 | Bought a scroll of enchant armour for 135 gold pieces
 93764 | Vaults:5 | Bought a scroll of teleportation for 54 gold pieces
 93764 | Vaults:5 | Bought a scroll of magic mapping for 63 gold pieces
 94039 | Crypt:1  | Entered Level 1 of the Crypt
 94379 | Crypt:1  | Learned a level 6 spell: Death Channel
 94491 | Crypt:1  | Reached skill level 15 in Necromancy
 94823 | Crypt:1  | Identified the +1 shadow dragon scales of the Valley
                  | {Rampage Drain rElec rPois Stlth++++}
 94943 | Crypt:1  | Found a basalt altar of Yredelemnul.
 96186 | Crypt:2  | Got Kikubaaqudgha's Papyrus of Darkness
 96411 | Crypt:3  | Entered Level 3 of the Crypt
 96896 | Crypt:3  | Reached XP level 25. HP: 141/186 MP: 6/40
 96984 | Crypt:3  | Found the +8 Vampire's Tooth {vamp}
 97177 | Crypt:3  | Found a large runed translucent door.
 97177 | Crypt:3  | Found a large runed translucent door.
 97179 | Crypt:3  | Noticed Hali's ghost (veteran FoFi)
 97583 | Crypt:3  | Found a staircase to the Tomb.
 97684 | Crypt:3  | Noticed a dread lich
 97684 | Crypt:3  | Noticed an ancient lich
 98127 | Crypt:3  | Found a large runed translucent door.
 98127 | Crypt:3  | Found a large runed translucent door.
 98300 | Crypt:3  | Killed a dread lich
 98305 | Crypt:3  | Killed an ancient lich
 98865 | Crypt:3  | Found a staircase to the Tomb.
 99937 | Depths:2 | Noticed a royal mummy
 99945 | Depths:2 | Killed a royal mummy
100347 | Zot:1    | Entered Level 1 of the Realm of Zot
100591 | Zot:1    | Reached skill level 15 in Conjurations
100649 | Zot:1    | Found an iron altar of Okawaru.
101141 | Zot:1    | Reached skill level 10 in Hexes
102868 | Zig:1    | Entered Level 1 of a ziggurat
102886 | Zig:2    | Entered Level 2 of a ziggurat
102947 | Zig:3    | Entered Level 3 of a ziggurat
102952 | Zig:3    | Gained mutation: You are surrounded by an aura of silence.
                  | [demonic ancestry]
102952 | Zig:3    | Reached XP level 26. HP: 196/196 MP: 22/40
103037 | Zig:4    | Entered Level 4 of a ziggurat
103121 | Zig:4    | Identified the +1 scale mail of Privacy {rN+ Str+2 Dex-2
                  | SInv}
103124 | Zig:5    | Entered Level 5 of a ziggurat
103227 | Zig:6    | Entered Level 6 of a ziggurat
103300 | Zig:7    | Entered Level 7 of a ziggurat
103410 | Zig:8    | Entered Level 8 of a ziggurat
103452 | Zig:8    | Got Esuloh's Guide on Earth and the Escort
103453 | Zig:8    | Identified the +3 spear of Fedhas's Delight {freeze, Int+5}
103462 | Zig:8    | Identified the amulet "Kiupneg" {Spirit rF- Regen+ Int+2
                  | Stlth+}
103476 | Zig:9    | Entered Level 9 of a ziggurat
103542 | Zig:9    | Identified the +3 plate armour of the Constellations
                  | {Regen+ Slay+3}
103554 | Zig:10   | Entered Level 10 of a ziggurat
103623 | Zig:10   | Got the Compendium of the Arsonist
103626 | Zig:10   | Identified the +9 short sword of Katzuil {distort, *Slow
                  | rC++}
103629 | Zig:10   | Identified the +0 chain mail of Valiance {MP+9 Int-5 Dex+6
                  | Stlth+}
103642 | Zig:10   | Identified the +5 falchion "Ikivul" {pain, Fragile rC+
                  | Will+}
103651 | Zig:11   | Entered Level 11 of a ziggurat
103787 | Zig:11   | Identified the +11 falchion "Qaheet" {flame, +Blink}
103788 | Zig:11   | Identified the ring of Zeothraddeargh {rElec rPois rC++
                  | Int-2 Dex-4}
103811 | Zig:12   | Entered Level 12 of a ziggurat
103911 | Zig:12   | Got the Handbook of Aerial Toxins
103915 | Zig:12   | Identified the +7 demon whip of Foul Odours {flame, rElec
                  | rPois rC+}
103965 | Zig:13   | Entered Level 13 of a ziggurat
104166 | Zig:13   | Identified the ring of Oxti Zonk {rPois rN+ SInv}
104190 | Zig:13   | Acquired 734 gold pieces
104194 | Zig:13   | Identified the +0 scale mail of Modesty {*Corrode Str+4
                  | Int+4}
104220 | Zig:14   | Entered Level 14 of a ziggurat
104250 | Zig:14   | HP: 3/198 [spectral spriggan defender (13)]
104251 | Zig:14   | Killed from afar by a Brimstone Fiend

Illustrated notes

Levels and vault maps discovered:
D:1:      dpeg_arrival_simpleton_c, layout_basic,
          shapermc_ecumenical_altar_petra
D:2:      layout_loops_cross
D:3:      corexii_shack_village, layout_loops_ring,
          grunt_temple_overflow_cloverleaf
D:4:      layout_rooms, nicolae_ossuary_entry_false_entrances,
          chequers_serial_rivers_large_b
D:5:      layout_basic, mainiacjoe_overflow_concentric_impassable,
          nicolae_shop_dragon_depot, uniq_sigmund, uniq_edmund,
          uniq_prince_ribbit1
D:6:      layout_gridville, serial_bayou, serial_bayou_lagoon_b,
          serial_bayou_pond_b, serial_bayou_pond_a, serial_bayou_pond_b,
          minmay_large_rounded_square
D:7:      layout_loops_cross, minmay_temple_entry_drinking_statues, uniq_joseph,
          uniq_menkaure, uniq_harold
D:8:      layout_rooms, kennysheep_mini, minivault_25, kennysheep_big_empty_room
D:9:      layout_cave_pods, vehumet_statue, minmay_three_doors
D:10:     layout_loops_ring, minmay_orc_entry_temple_small, serial_shops,
          nicolae_lakefront_shop, gammafunk_ghost_nasty_kobolds
D:11:     layout_roguey, lair_entry_dummy, eino_tiny_chamber,
          minmay_fractal_squares_gapless_7
D:12:     layout_small_grid, portal_ice_cave_demonic_guard, special_room
          [special_room_orc]
D:13:     gammafunk_beogh_shrine, layout_rooms, erik_vaults_1,
          minmay_misc_feat_roman
D:14:     minmay_guarded_unrand_guard, layout_basic, gammafunk_ghost_mausoleum,
          patterned_corridor
D:15:     grunt_enter_depths_snipers, layout_small_grid, special_room
          [special_room_mythical_zoo], gauntlet_entry_generic,
          corexii_leaking_fountain, serial_shops, shop
Temple:   eino_wide_crystal_templ
Lair:1:   layout_regular_city, grunt_megastairs_3, uniq_maggie
Lair:2:   layout_long_grid, swamp_mist_pool, infiniplex_staircase_pool,
          grunt_megastairs_2
Lair:3:   layout_cave_pods, guppyfry_snake_entry_garden, gammafunk_ghost_split
Lair:4:   layout_roguey, grunt_megastairs_4, lemuel_fruit_tree,
          serial_bayou_shore_b
Lair:5:   layout_cave_pods, minmay_slime_entry_oklob_enclosed
Lair:6:   evilmike_catoblepas_cave, layout_long_grid, ldierk_geyser,
          minmay_hedge_maze, nicolae_lair_lakeside_cave, uniq_urug
Swamp:1:  layout_falls_marsh, gammafunk_ghost_necromancy,
          evilmike_swamp_ruin_house_3
Swamp:2:  layout_basic_swamp, evilmike_swamp_ruin_house_5, uniq_roxanne,
          uniq_nikola
Swamp:3:  layout_basic_swamp, evilmike_swamp_ruin_rubble_2, uniq_kirke
Swamp:4:  swamp_icy, layout_basic_swamp
Snake:1:  cheibrodos_snake_ritualist_ritual, layout_basic, basic_altar,
          serial_shops, nicolae_shop_bloodbath_and_beyond
Snake:2:  layout_cave_shapes, serial_bayou_shore_b
Snake:3:  layout_misc_corridors, uniq_jorgrun
Snake:4:  hellmonk_snake_rune_quicksilver_temple, layout_cave_town,
          nicolae_snake_boneroom
Orc:1:    layout_caves, gammafunk_ghost_smash, basic_altar
Orc:2:    st_orc_ogre_mass, layout_caves, serial_shops,
          nicolae_shop_hallway_plus, mines2_lemuel, uniq_snorg
Elf:1:    layout_loops_ring, serial_shops, nicolae_shop_crystal,
          hangedman_elf_disciples, nicolae_shop_firing_range, uniq_frances
Elf:2:    nicolae_elf_blades_splatter_lattice [mumra_blade_entry_dagger],
          layout_onion_city, uniq_asterion
Elf:3:    minmay_elf_hall_dome, layout_loops_corners,
          infiniplex_enter_wizlab_glasses, serial_shops, shop, minmay_shoptagon,
          uniq_donald
Vaults:1: v_misc_24, dpeg_vaults_monster_row, vaults_mumra_minichess,
          st_greater_box_4, v_misc_12, grunt_vaults_hallway_long,
          vaults_dpeg_hooks, nicolae_vaults_three_branches,
          nicolae_vaults_twisting_passages, nicolae_vaults_specimen_jars,
          nicolae_vaults_yaktaur_gun_rack, layout_vaults_maze_snakey,
          serial_shops, nicolae_shop_competitors_out_of_business,
          shop_fountains, shop_fountains
Vaults:2: v_misc_2, st_smaller_cells, vaults_room_ringed_pool, v_misc_30,
          ontoclasm_vaults_shuriken, v_pattern_2, nicolae_vaults_alarming,
          nicolae_vaults_asterisk, nicolae_vaults_little_squares_2,
          nicolae_vaults_rhombus_5, v_misc_19, vaults_room_fours,
          layout_vaults_chaotic_city, uniq_bai_suzhen, uniq_frederick
Vaults:3: v_alt_pattern_3, ontoclasm_vaults_hangar, ontoclasm_vaults_fault,
          hangedman_vaults_nails, vaults_mumra_chevron,
          nicolae_vaults_circle_grid_a, vaults_mumra_hexcomb,
          vaults_room_grunt_arrival_checkpoint,
          hangedman_vaults_stretched_pinwheel, grunt_vaults_funnel,
          layout_vaults_omnigrid, minmay_crypt_entry_simple_walls
Vaults:4: nicolae_vaults_stairing_the_circle, nicolae_vaults_little_squares_6,
          hangedman_vaults_pinch, nicolae_vaults_lopsided_apartments, v_misc_3,
          vaults_standard_mumra_enter_the_diamond, hangedman_vaults_impose,
          hangedman_vaults_cutoff, v_misc_30, nicolae_vaults_little_squares_1,
          vaults_room_pool, layout_vaults_ring, serial_shops,
          nicolae_shop_hallway_stairs, uniq_margery, uniq_saint_roka
Vaults:5: serial_shops, uniq_xtahua
Crypt:1:  lemuel_vampire_tower, layout_regular_city, skrybe_necro_troll_2,
          grunt_crypt_arrival_webbed
Crypt:2:  layout_misc_corridors, special_room [special_room_morgue]
Crypt:3:  david_glass_crypt, layout_gridlike, nicolae_tomb_entry_rubble_hallway,
          ebering_ghost_disaster_area, minmay_guarded_unrand_vampires_tooth
Depths:1: layout_twisted_cross, enter_ziggurat_c, rand_demon_pan_entry_9,
          hell_entry, kennysheep_small_spiral, hex_medium, grunt_tough_drop
Depths:2: lightli_eight_chambers, layout_cave_shapes, tso_metal_star,
          rand_demon_pan_entry_1, abyss_entry, hangedman_coc_ice_floe,
          xom_confusion_cloud
Depths:3: hangedman_arch_fort, layout_cave_pools, hellmouth_1, abyss_entry,
          lightli_minifort, serial_bayou_shore_a
Depths:4: evilmike_zot_entry_hall, layout_gridlike, roderic_lattice_a,
          hell_entry
Zot:1:    layout_gridlike, basic_altar
Zot:2:    layout_twisted_circle
Zig:14

Skill      XL: |  1  2  3  4  5  6  7  8  9 10 11 12 13 14 15 16 17 18 19 20 21 22 23 24 25 26 |
---------------+-------------------------------------------------------------------------------+-----
Fighting       | 1 2 3 4 5 7 8 9 10 11 12 13 14 15 16 17 18 19 20 | 20.6
Conjurations   | 2 3 4 6 7 8 9 10 11 12 13 14 15 | 15.6
Translocations | 1 2 3 |  3.0
Air Magic      | 1 2 3 4 |  4.0
Poison Magic   | 1 2 3 4 6 7 8 9 10 11 12 13 | 13.0
Spellcasting   | 4 5 6 7 8 9 10 11 12 13 | 13.5
Invocations    | 3 7 10 12 14 15 17 18 19 20 21 | 21.1
Necromancy     | 3 5 6 8 9 10 11 12 13 14 15 16 | 16.6
Fire Magic     | 1 3 4 6 7 8 9 10 11 12 | 12.5
Unarmed Combat | 4 6 8 9 10 11 12 13 14 | 14.9
Dodging        | 3 4 5 6 7 8 9 10 11 12 | 12.3
Armour         | 2 4 5 6 7 8 9 10 11 12 | 12.1
Transmutations | 2 4 5 7 9 10 11 12 13 | 13.2
Hexes          | 3 5 6 8 9 10 | 10.9
Stealth        | 4 |  4.9
Summonings     | |  1.0

Action                   |  1- 3 |  4- 6 |  7- 9 | 10-12 | 13-15 | 16-18 | 19-21 | 22-24 | 25-27 || total
-------------------------+-------+-------+-------+-------+-------+-------+-------+-------+-------++-------
Melee: Dagger            |    20 |    15 |       |       |       |       |       |       |       ||    35
       Long sword        |       |     6 |    48 |       |       |       |       |       |       ||    54
       Scimitar          |       |       |    14 |   121 |    99 |       |       |       |       ||   234
       Punch             |       |       |       |     1 |    13 |    41 |    57 |    84 |    19 ||   215
       Unarmed           |       |       |       |       |   195 |   430 |   391 |   558 |    84 ||  1658
       Morningstar       |       |       |       |       |       |       |     1 |     4 |    22 ||    27
Throw: Dart              |       |       |    21 |    12 |       |       |       |       |       ||    33
       Throwing net      |       |       |       |     2 |       |       |       |     4 |       ||     6
 Cast: Magic Dart        |   118 |   145 |   408 |   505 |   299 |   497 |   177 |    61 |       ||  2210
       Mephitic Cloud    |       |       |    19 |    66 |    75 |    49 |    45 |    41 |       ||   295
       Blink             |       |       |     1 |     2 |     4 |     2 |     2 |     3 |     1 ||    15
       Olgreb's Toxic Ra |       |       |       |    22 |    85 |    65 |    96 |    81 |    36 ||   385
       Sticky Flame      |       |       |       |    15 |    61 |    34 |    13 |    39 |     7 ||   169
       Sublimation of Bl |       |       |       |     4 |    11 |    14 |    24 |    38 |    34 ||   125
       Iskenderun's Batt |       |       |       |       |    28 |    86 |    43 |    15 |     2 ||   174
       Ignite Poison     |       |       |       |       |    25 |    51 |    67 |    67 |    21 ||   231
       Fireball          |       |       |       |       |       |     7 |   284 |   343 |   269 ||   903
       Tukima's Dance    |       |       |       |       |       |       |    16 |    43 |     3 ||    62
       Eringya's Noxious |       |       |       |       |       |       |     1 |     3 |    17 ||    21
       Fulminant Prism   |       |       |       |       |       |       |       |    23 |    10 ||    33
       Death Channel     |       |       |       |       |       |       |       |     1 |     9 ||    10
Invok: Ancestor Life: Kn |       |       |       |     1 |       |       |       |       |       ||     1
       Recall Ancestor   |       |       |       |       |     2 |     3 |     7 |     3 |       ||    15
       Idealise          |       |       |       |       |     4 |     5 |     5 |     7 |     4 ||    25
       Transference      |       |       |       |       |     1 |       |     2 |       |       ||     3
Evoke: Wand              |       |       |       |     7 |     6 |    18 |     4 |     7 |       ||    42
       Phial of floods   |       |       |       |       |       |       |     1 |     1 |       ||     2
  Use: Scroll            |       |     5 |     4 |    11 |    15 |    18 |    10 |     5 |     8 ||    76
       Potion            |       |     3 |     1 |     6 |     2 |     5 |    10 |     3 |     3 ||    33
 Stab: Distracted        |       |     1 |     1 |     3 |     3 |     4 |     8 |    19 |     3 ||    42
       Sleeping          |       |       |       |     1 |       |       |       |       |       ||     1
       Confused          |       |       |       |     2 |     8 |     6 |     2 |     2 |       ||    20
       Invisible         |       |       |       |       |       |       |       |     1 |       ||     1
Armor: Robe              |     6 |       |       |       |       |       |       |       |       ||     6
       Leather armour    |     3 |    12 |    48 |       |       |       |       |       |       ||    63
       Steam dragon scal |       |       |     9 |    37 |       |       |     5 |       |       ||    51
       Ring mail         |       |       |       |    47 |   119 |     6 |       |       |       ||   172
       Quicksilver drago |       |       |       |       |    43 |    26 |    86 |       |       ||   155
       Pearl dragon scal |       |       |       |       |       |   272 |   121 |   307 |   153 ||   853
Dodge: Dodged            |    27 |    45 |   111 |   115 |   234 |   405 |   323 |   401 |   213 ||  1874
       Repelled          |       |       |       |       |     1 |    18 |    13 |       |       ||    32
Block: Other             |       |     7 |    31 |    48 |   131 |   182 |   126 |   133 |    68 ||   726
